Get step-by-step instructions on how to execute this build order below. Start the game timer, and the build order will tick by so you can play in parallel with StarCraft on a second screen or mobile device.

Game Time

  0:00

Last Step

  N/A

Next Step

  12  0:00  SCV  

Upcoming Step

  13  0:12  SCV  

Don't want to look back and forth between 2 screens? Try out our Overwolf App, the Spawning Tool Build Advisor to get an in-game overlay with this build!

Complete Build Order

  12  0:00  SCV  
  13  0:12  SCV  
  14  0:17  Supply Depot  
  14  0:24  SCV  
  15  0:38  SCV  
  15  0:40  Barracks  
  16  0:44  Refinery  
  16  0:51  SCV  
  17  1:03  SCV  
  18  1:15  SCV  
  19  1:27  Reaper, Orbital Command  
  20  1:43  Command Center  
  20  1:51  Supply Depot  
  20  1:54  SCV  
  20  2:00  Barracks Reactor  
  21  2:06  SCV  
  22  2:12  Barracks  
  22  2:18  SCV  
  22  2:19  Refinery  
  23  2:27  Factory  
  23  2:31  SCV  
  24  2:37  Marine  
  24  2:38  Marine  
  24  2:43  SCV  
  27  2:55  SCV, Marine  
  27  2:56  Marine  
  30  2:59  Barracks Tech Lab  
  30  3:03  Orbital Command  
  30  3:07  SCV  
  31  3:13  Marine  
  31  3:14  Marine  
  31  3:17  Marine, Stimpack  
  31  3:19  SCV  
  35  3:25  Starport  
  35  3:28  SCV  
  35  3:31  SCV, Factory Reactor  
  35  3:34  Marine  
  38  3:35  Marine  
  38  3:39  Supply Depot  
  40  3:41  SCV  
  40  3:44  Marine  
  40  3:45  SCV  
  42  3:51  Marine  
  42  3:53  SCV  
  42  3:54  Marine  
  45  3:59  SCV  
  45  4:01  Marine  
  46  4:04  Supply Depot  
  46  4:05  SCV  
  47  4:10  Medivac  
  47  4:11  SCV, Marine  
  47  4:12  Marine  
  47  4:13  Factory Tech Lab  
  47  4:14  Medivac  
  54  4:23  Supply Depot  
  54  4:26  SCV x2, Marine  
  54  4:30  Marine x2  
  59  4:32  Supply Depot  
  59  4:36  Engineering Bay  
  59  4:38  SCV  
  60  4:42  SCV  
  60  4:45  Siege Tank  
  64  4:47  Barracks  
  64  4:48  Marine x2  
  64  4:50  SCV  
  64  4:52  Marine  
  68  4:54  SCV  
  68  4:55  Refinery  
  69  5:00  Refinery  
  69  5:02  Terran Infantry Weapons Level 1  
  69  5:03  SCV  
  69  5:06  SCV  
  71  5:07  Supply Depot  
  71  5:08  Marine  
  71  5:09  Marine  
  73  5:14  Combat Shield  
  73  5:17  Supply Depot  
  73  5:19  Marine  
  73  5:22  SCV x2  
  73  5:26  Siege Tank  
  73  5:28  Marine  
  78  5:30  Marine  
  79  5:35  Bunker  
  79  5:38  Marine, Supply Depot  
  79  5:40  Marine  
  79  5:42  Marine  
  82  5:45  SCV x2  
  82  5:48  Marine  
  85  5:51  Medivac  
  84  6:03  SCV, Marine  
  84  6:04  SCV  
  72  6:06  Marine  
  65  6:12  Siege Tank  
  65  6:14  Marine  
  65  6:15  Marine  
  65  6:18  Marine  
  69  6:21  Marine  
  69  6:24  Marine  
  68  6:26  Medivac  
  68  6:27  SCV  
  68  6:32  Marine  
  70  6:33  Marine  
  70  6:35  SCV  
  70  6:36  Marine  
  73  6:42  Marine  
  73  6:43  Marine, Supply Depot  
  75  6:50  Marine, Siege Tank  
  75  6:53  Command Center  
  79  6:56  Terran Infantry Armor Level 1  
  79  6:57  Marine x2  
  79  6:59  Starport Reactor  
  79  7:00  Marine  
  82  7:02  Supply Depot  
  82  7:04  SCV  
  82  7:05  SCV, Marine  
  82  7:07  Marine  
  86  7:15  Marine x2  
  88  7:18  Barracks  
  88  7:19  Barracks  
  88  7:20  Marine  
  88  7:22  SCV  
  90  7:23  SCV, Marine  
  90  7:27  Siege Tank  
  95  7:30  Marine  
  95  7:35  Marine  
  95  7:36  Marine, Supply Depot  
  98  7:38  SCV x2  
  98  7:39  Marine  
  101  7:44  Medivac x2  
  101  7:47  Marine, Supply Depot  
  101  7:48  Marine  
  107  7:53  Marine x2  
  107  7:57  Marine  
  110  7:58  Armory  
  110  8:01  Engineering Bay  
  110  8:06  Siege Tank  
  110  8:09  Orbital Command  
  113  8:13  Barracks Reactor x2  
  113  8:14  Marine  
  113  8:17  Medivac  
  111  8:22  SCV, Medivac  
  111  8:23  SCV  
  111  8:24  Marine  
  111  8:26  Marine  
  115  8:30  Orbital Command, Marine  
  115  8:31  Supply Depot  
  115  8:33  Marine x2  
  118  8:39  SCV x2  
  120  8:42  Marine  
  120  8:43  Siege Tank  
  120  8:44  Marine  
  125  8:48  Marine  
  125  8:52  Supply Depot  
  125  8:53  Marine  
  125  8:54  Marine x3  
  130  8:58  SCV  
  130  9:02  SCV  
  132  9:06  Marine  
  132  9:07  Marine  
  134  9:14  Marine  
  134  9:16  Marine x3  
  137  9:20  Siege Tank  
  137  9:22  Supply Depot  
  140  9:25  Marine x2  
  140  9:29  Supply Depot  
  140  9:31  Marine x2  
  142  9:32  Marine  
  142  9:33  Marine  
  142  9:35  Marine x2  
  147  9:39  Medivac  
  144  9:49  Marine  
  144  9:50  Marine  
  144  9:51  Marine x2  
  144  9:52  Marine x2, Siege Tank  
  145  9:53  Marine  
  146  10:00  Marine x2, Supply Depot  
  146  10:02  Medivac  
  149  10:07  Marine  
  149  10:08  Marine  
  149  10:11  Marine  
  149  10:13  Marine  
  149  10:14  Marine  
  149  10:15  Command Center  
  152  10:27  Supply Depot